 Dungeon Crawl Stone Soup version 0.28.0-53-g5a82cb258f (webtiles) character file.

Game seed: 4478269278306784259

1341 Diggabert the Covert (level 8, 0/53 (54) HPs)
             Began as an Octopode Brigand on July 7, 2022.
             Was a Follower of Dithmenos.
             Slain by a wight
             ... wielding a +0 spear
              (5 damage)
             ... on level 6 of the Dungeon.
             The game lasted 00:11:27 (6136 turns).

Diggabert the Covert (Octopode Brigand)             Turns: 6136, Time: 00:11:27

HP:   0/53 (54)     AC:  1    Str: 10    XL:     8   Next: 62%
MP:   8/8           EV: 14    Int: 14    God:    Dithmenos [*.....]
Gold: 181           SH:  8    Dex: 15    Spells: 7/7 levels left

rFire   . . .      SeeInvis .   h - +2 dagger (speed)
rCold   + . .      Faith    .   u - +0 buckler
rNeg    . . .      Spirit   .   (helmet restricted)
rPois   .          Reflect  +   l - amulet of reflection
rElec   .          Harm     .   k - ring of protection from cold
rCorr   .          Rampage  .   (no ring)
Will    .....                   (no ring)
Stlth   +++++++...              (no ring)
HPRegen 0.17/turn               (no ring)
MPRegen 0.11/turn               (no ring)
                                (no ring)
                                (no ring)

@: wreathed by umbra, lightly drained
A: almost no armour, amphibious, 8 rings, camouflage 1, gelatinous body 1,
(nimble swimmer 1), tentacles
a: Renounce Religion


You were on level 6 of the Dungeon.
You worshipped Dithmenos.
Dithmenos was aware of your devotion.
You visited 2 branches of the dungeon, and saw 7 of its levels.

You collected 181 gold pieces.

Inventory:

Hand Weapons
 h - a +2 dagger of speed (weapon)
Missiles
 b - 12 poisoned darts (quivered)
 c - 2 curare-tipped darts
 f - a silver boomerang
Armour
 u - a +0 buckler (worn)
Jewellery
 k - a ring of protection from cold (left tentacle)
 l - an amulet of reflection (around mantle)
Wands
 o - a wand of flame (27)
 q - a wand of iceblast (7)
Scrolls
 d - 3 scrolls of magic mapping {unknown}
 j - 4 scrolls of teleportation {unknown}
 m - 2 scrolls of blinking {unknown}
 n - a scroll of torment {unknown}
 r - a scroll of silence {unknown}
Potions
 a - 2 potions of resistance
 e - 2 potions of ambrosia
 g - a potion of haste
 i - 2 potions of lignification
 p - a potion of curing {unknown}
 s - a potion of brilliance {unknown}
 t - a potion of cancellation {unknown}


   Skills:
 * Level 4.2 Fighting
 * Level 6.2 Short Blades
 - Level 2.0 Throwing
 * Level 3.6 Dodging
 * Level 10.6 Stealth


You had 7 spell levels left.
You didn't know any spells.
Your spell library contained the following spells:

 Spells                   Type           Power      Damage    Failure   Level
 Apportation              Tloc           0%         N/A       36%         1
 Magic Dart               Conj           0%         1d3       36%         1
 Call Imp                 Summ           0%         N/A       52%         2
 Call Canine Familiar     Summ           0%         N/A       75%         3
 Conjure Flame            Conj/Fire      0%         6-21      75%         3
 Ignite Poison            Fire/Tmut/Pois 0%         N/A       75%         3
 Mephitic Cloud           Conj/Pois/Air  0%         N/A       75%         3
 Portal Projectile        Hex/Tloc       0%         N/A       75%         3
 Ice Form                 Ice/Tmut       0%         N/A       98%         4
 Leda's Liquefaction      Hex/Erth       0%         N/A       98%         4
 Sticky Flame             Conj/Fire      0%         2d3       98%         4
 Fireball                 Conj/Fire      0%         3d3       100%        5
 Starburst                Conj/Fire      0%         6d3       100%        6
 Ignition                 Fire           0%         3d3       100%        8


Dungeon Overview and Level Annotations

Branches:
Dungeon (6/15)             Temple (1/1) D:4

Altars:
Ashenzari
Cheibriados
Dithmenos
Elyvilon
Fedhas
Gozag
Hepliaklqana
Kikubaaqudgha
Nemelex Xobeh
Okawaru
Qazlal
Ru
Sif Muna
Trog
Uskayaw
Vehumet
Wu Jian
Xom
Yredelemnul
The Shining One

Shops:
D:2 (

Annotations:
D:3 2 transporters, Diggabert's ghost, amateur HuFi


Innate Abilities, Weirdness & Mutations

You cannot wear most types of armour.
You are amphibious.
You can wear up to eight rings at the same time.
Your skin changes colour to match your surroundings (Stealth+).
Your rubbery body absorbs attacks. (AC +1, EV +1)
((You are camouflaged when in or above water. (Stealth+)))
You have tentacles for arms and can constrict up to eight enemies at once.


Message History

The wight is severely damaged.
You constrict the wight, but do no damage.
You hit the wight.
The wight is almost destroyed.
You constrict the wight, but do no damage.
The wight closely misses you.
The wight hits you from afar with a +0 spear!
* * * LOW HITPOINT WARNING * * *
You feel drained.
* * * LOW HITPOINT WARNING * * *
You hit the wight but do no damage. You squeeze the wight.
The wight is almost destroyed.
You constrict the wight, but do no damage.
You hit the wight but do no damage. You squeeze the wight.
You destroy the wight!
Dithmenos accepts your kill. The wight barely misses you.
You block the wight's attack.
Items here: ))) [[[.
You closely miss the wight. You grab the wight.
You squeeze the wight, but do no damage.
You constrict the wight, but do no damage.
You hit the wight but do no damage. Your squeeze misses the wight.
You constrict the wight, but do no damage.
The wight hits you but does no damage.
You hit the wight.
You squeeze the wight, but do no damage.
The wight is lightly damaged.
You constrict the wight, but do no damage.
You hit the wight.
The wight is lightly damaged.
You constrict the wight, but do no damage.
The wight completely misses you.
You hit the wight but do no damage. You squeeze the wight.
The wight is moderately damaged.
You constrict the wight. You completely miss the wight.
The wight is moderately damaged.
You constrict the wight. The wight hits you with a +0 spear.
You die...

.# #..#.###.# .
#..#...(.### .
#..+.._..'.# #
#..#.....#.# #
#.##.###.#.# #
#.##.[...#.####
####..#+###'#....#
........##..####.#
####.#####.#####@##
####.##..........z#
#...>...##.##.##..###.##
#.##.......## #.........
# #..............###.##
# #..........##..#
#.##....#.. ...#
.....##........#
##.######.##.....


You could see a wight.

Vanquished Creatures
  The ghost of WANAX the Chopper, an amateur HOBe of Trog (D:4)
  A black bear (D:4)
  2 necrophages (D:5)
  4 scorpions (D:5)
  A water moccasin skeleton (D:4)
  3 wights (D:6)
  A howler monkey (D:4)
  A hound (D:5)
  2 jellies
  A centaur skeleton (D:6)
  An iguana (D:5)
  A scorpion zombie (D:5)
  A hound skeleton (D:4)
  6 gnolls
  13 adders
  A white imp (D:5)
  3 adder skeletons (D:4)
  3 worms
  5 dart slugs
  11 orcs
  13 bats
  7 endoplasms
  3 giant cockroaches
  8 goblins
  4 hobgoblins
  5 jackals (D:1)
  6 kobolds
  A quokka (D:1)
  9 ball pythons
  3 frilled lizards
  3 rats
124 creatures vanquished.

Vanquished Creatures (others)
  11 fungi (D:5)
  6 plants (D:3)
17 creatures vanquished.

Grand Total: 141 creatures vanquished

Notes
Turn   | Place    | Note
-------+----------+-------------------------------------------
     0 | D:1      | Diggabert the Octopode Brigand began the quest for the Orb.
     0 | D:1      | Reached XP level 1. HP: 14/14 MP: 1/1
   146 | D:1      | Reached XP level 2. HP: 7/19 MP: 2/2
   650 | D:1      | Reached skill level 6 in Stealth
  1011 | D:1      | Reached XP level 3. HP: 24/24 MP: 3/3
  1455 | D:2      | Got Sif Muna's Handbook of Twisted Transmigration
  1568 | D:2      | Found a faded altar of an unknown god.
  1679 | D:2      | Reached XP level 4. HP: 25/30 MP: 4/4
  1981 | D:2      | Found Pist's Antique Weapon Shop.
  2545 | D:3      | Reached skill level 7 in Stealth
  2549 | D:3      | Reached XP level 5. HP: 35/35 MP: 5/5
  2571 | D:3      | Found a transporter.
  2574 | D:3      | Found a transporter.
  2692 | D:3      | Found a snail-covered altar of Cheibriados.
  2736 | D:3      | Noticed Diggabert's ghost (amateur HuFi)
  2968 | D:3      | Found an ornate altar of the Wu Jian Council.
  3029 | D:4      | Found a staircase to the Ecumenical Temple.
  3039 | Temple   | Entered the Ecumenical Temple
  3354 | D:4      | Reached XP level 6. HP: 41/41 MP: 6/6
  3361 | D:4      | Noticed a black bear
  3375 | D:4      | HP: 1/41 [black bear (5)]
  3376 | D:4      | Killed a black bear
  3377 | D:4      | Reached skill level 8 in Stealth
  3921 | D:4      | Found a runed translucent door.
  3921 | D:4      | Noticed WANAX's ghost (amateur HOBe)
  4077 | D:4      | Found a shadowy altar of Dithmenos.
  4139 | D:4      | Became a worshipper of Dithmenos the Shadowed
  4477 | D:4      | Killed WANAX's ghost
  4478 | D:4      | Reached XP level 7. HP: 19/46 MP: 7/7
  4696 | D:5      | Entered Level 5 of the Dungeon
  4700 | D:5      | Reached skill level 9 in Stealth
  4826 | D:5      | Reached skill level 5 in Short Blades
  5114 | D:5      | Reached XP level 8. HP: 53/54 MP: 8/8
  5223 | D:5      | Reached * piety under Dithmenos
  5230 | D:5      | Found a hazy altar of Hepliaklqana.
  5466 | D:5      | Reached skill level 10 in Stealth
  6079 | D:6      | Found a blossoming altar of Fedhas.
  6136 | D:6      | Slain by a wight

Illustrated notes

Levels and vault maps discovered:
D:1:      onia_arrival_mini_spirals, layout_basic, minmay_hedge_maze
D:2:      minmay_spotlight, layout_basic, serial_shops,
          nicolae_shop_hallway_plus, hellmonk_ecumenical_altar_crossroads
D:3:      layout_rooms, pdpol_wu_jian_five_deadly_venoms, marbit_many_paths,
          gammafunk_ghost_gnarly_gnolls, hangedman_glass_teeth
D:4:      layout_loops_ring, grunt_dithmenos_smoke, minmay_temple_entry_grid,
          gammafunk_ghost_grave, grunt_ministairs_7
D:5:      old_forge, layout_loops_ring, nicolae_hepliaklqana_hazy_memory,
          kennysheep_generic_room_10
D:6:      layout_loops_cross, mainiacjoe_overflow_six_doors_small
Temple:   eino_wide_crystal_templ

Skill      XL: |  1  2  3  4  5  6  7  8 |
---------------+-------------------------+-----
Stealth        | 6 7 8 9 10 | 10.6
Short Blades   | 3 4 5 6 |  6.2
Dodging        | 2 3 |  3.6
Fighting       | 3 4 |  4.2
Throwing       | |  2.0

Action                   |  1- 3 |  4- 6 |  7- 9 || total
-------------------------+-------+-------+-------++-------
Melee: Dagger            |    86 |   144 |   121 ||   351
       Constrict         |    18 |    22 |    20 ||    60
       Tentacles         |    11 |    36 |    38 ||    85
       Punch             |     2 |     1 |     3 ||     6
Evoke: Wand              |       |     1 |       ||     1
  Use: Scroll            |       |     4 |       ||     4
 Stab: Sleeping          |    11 |    16 |    11 ||    38
       Held in net/web   |       |       |     1 ||     1
Armor: Skin              |    13 |     4 |     7 ||    24
Dodge: Dodged            |    50 |    34 |    39 ||   123
Block: Other             |       |    17 |    16 ||    33
       Buckler           |       |       |     7 ||     7
